Map: Babylon LE

Players

Sigil - Winner!

  • Race: Zerg Zerg
  • League: Master
  • Spawn Location: 5:00

Thor

  • Race: Protoss Protoss
  • League: Master
  • Spawn Location: 11:00

VOD

Have the link to the VOD?

Description

Time

  • Played on: July 16, 2023, 10:48 p.m.
  • Length: 12:00
Show
View Real Time Build Order
Export as new Build Order

Sigil Zerg - Winner!

Build Orders: Hatch First, Lurkers 

Get SALT Encoding   

  12  0:01  Drone  
  13  0:12  Overlord  
  13  0:17  Drone  
  14  0:31  Drone x2  
  16  0:49  Hatchery  
  15  0:52  Drone  
  15  0:55  Drone  
  17  1:00  Drone  
  18  1:09  Extractor  
  17  1:15  Spawning Pool  
  16  1:19  Drone  
  16  1:23  Drone  
  18  1:30  Drone  
  19  1:39  Drone  
  20  1:57  Overlord  
  20  2:01  Zergling x2  
  20  2:02  Queen x2  
  25  2:21  Metabolic Boost  
  25  2:27  Drone x3  
  25  2:28  Drone x2  
  30  2:45  Hatchery  
  30  2:46  Drone  
  30  2:47  Drone  
  31  2:51  Queen  
  31  2:55  Overlord  
  33  2:59  Drone  
  33  3:01  Drone  
  33  3:05  Drone  
  36  3:16  Zergling x2  
  37  3:21  Drone  
  37  3:22  Drone x3  
  41  3:28  Queen  
  41  3:29  Overlord  
  43  3:40  Drone  
  44  3:46  Overlord  
  44  3:49  Drone x2  
  46  3:58  Drone x4  
  49  4:03  Queen x2  
  49  4:04  Overlord  
  49  4:08  Evolution Chamber, Drone  
  53  4:11  Spore Crawler  
  52  4:18  Drone x8  
  52  4:20  Spore Crawler  
  59  4:26  Lair  
  59  4:36  Zerg Melee Weapons Level 1  
  59  4:45  Drone x6  
  60  4:46  Drone x4  
  69  4:57  Overlord  
  69  5:06  Hatchery  
  68  5:09  Extractor  
  68  5:10  Drone x2, Extractor  
  68  5:11  Drone x4  
  68  5:14  Extractor  
  71  5:15  Extractor  
  71  5:17  Overlord  
  71  5:18  Zergling x14  
  77  5:24  Zergling x2  
  77  5:25  Zergling x4  
  80  5:34  Queen, Overlord x4  
  82  5:48  Drone x3  
  82  5:49  Overlord  
  82  5:54  Drone  
  82  5:55  Drone  
  85  5:57  Drone x3  
  85  5:58  Drone x2  
  85  6:00  Hydralisk Den  
  85  6:02  Drone, Baneling Nest  
  85  6:03  Drone  
  86  6:26  Drone x11  
  86  6:31  Drone, Infestation Pit  
  86  6:32  Drone, Extractor  
  97  6:35  Grooved Spines  
  97  6:36  Drone x2  
  99  6:41  Overlord x4  
  99  6:47  Zergling x6  
  101  6:51  Zerg Melee Weapons Level 2  
  101  6:54  Centrifugal Hooks  
  101  6:56  Hydralisk x5  
  101  6:57  Hydralisk x2  
  101  7:00  Hydralisk  
  117  7:01  Hydralisk  
  117  7:03  Overlord  
  117  7:06  Hydralisk  
  117  7:07  Hydralisk  
  123  7:11  Zergling x14  
  123  7:12  Extractor x2  
  128  7:20  Zergling x6  
  131  7:32  Hive  
  131  7:34  Lurker Den  
  131  7:35  Hydralisk, Overlord x2  
  131  7:36  Overlord  
  132  7:38  Zergling x20  
  142  7:47  Muscular Augments  
  142  7:48  Overseer  
  142  7:49  Spore Crawler  
  142  7:50  Drone x4  
  142  7:51  Drone x2  
  131  8:29  Hydralisk x7  
  131  8:30  Zergling x8  
  131  8:31  Zergling x26  
  131  8:32  Overlord x2  
  131  8:33  Overlord  
  161  8:46  Baneling x7  
  161  8:48  Lurker x7  
  167  8:49  Lurker  
  167  8:54  Zergling x2  
  167  8:55  Zergling x18  
  179  9:00  Seismic Spines  
  179  9:02  Zergling x6  
  182  9:04  Baneling x3, Hatchery  
  182  9:05  Baneling  
  182  9:06  Baneling  
  182  9:07  Baneling  
  182  9:08  Zerg Missile Weapons Level 1, Baneling  
  181  9:15  Hydralisk x3  
  185  9:17  Zergling x10  
  185  9:22  Hatchery  
  188  9:24  Overseer  
  188  9:25  Zergling x12  
  194  9:34  Baneling x12  
  190  9:46  Hydralisk  
  190  9:47  Hydralisk x6  
  166  10:01  Hydralisk x6  
  161  10:08  Zergling x6  
  161  10:09  Zergling x8  
  158  10:16  Viper  
  161  10:21  Zergling x6  
  161  10:22  Zergling x6  
  161  10:23  Lurker x2  
  163  10:35  Lurker x3  
  136  10:36  Zergling x12  
  142  10:44  Hydralisk  
  142  10:45  Hydralisk x4  
  142  10:46  Baneling  
  142  10:47  Baneling  
  149  10:58  Zergling x22  
  149  11:01  Spore Crawler  
  149  11:02  Spine Crawler, Zergling x2  
  149  11:03  Spine Crawler  
  144  11:13  Hydralisk x7  
  144  11:16  Zergling x4  
  157  11:25  Zergling x12  
  162  11:27  Baneling x6  
  162  11:29  Baneling x4  
  155  11:41  Zergling x18  
Show
View Real Time Build Order
Export as new Build Order

Thor Protoss 

Build Orders: 1 Gate Expand, Oracle Opening, Archon Immortal 

Get SALT Encoding   

  12  0:00  Probe  
  13  0:12  Probe  
  14  0:17  Pylon  
  14  0:24  Probe (Chrono Boost)  
  15  0:36  Probe (Chrono Boost)  
  15  0:39  Gateway  
  16  0:45  Probe (Chrono Boost)  
  16  0:47  Assimilator  
  17  0:51  Probe  
  18  1:03  Probe  
  19  1:15  Probe  
  20  1:24  Nexus  
  20  1:35  Cybernetics Core  
  20  1:37  Probe  
  21  1:49  Probe, Assimilator  
  22  1:55  Pylon  
  23  2:01  Probe (Chrono Boost)  
  23  2:15  Probe (Chrono Boost)  
  24  2:17  Adept  
  24  2:20  Probe (Chrono Boost)  
  27  2:23  Stargate  
  27  2:29  Probe (Chrono Boost)  
  28  2:31  Warp Gate  
  29  2:38  Probe (Chrono Boost)  
  29  2:40  Probe (Chrono Boost)  
  30  2:45  Probe (Chrono Boost)  
  30  2:47  Probe (Chrono Boost)  
  30  2:48  Adept  
  30  2:50  Probe (Chrono Boost)  
  34  2:56  Probe  
  36  3:02  Probe  
  37  3:08  Probe (Chrono Boost)  
  37  3:10  Oracle  
  41  3:14  Probe (Chrono Boost), Pylon  
  42  3:25  Probe (Chrono Boost)  
  42  3:26  Probe (Chrono Boost)  
  44  3:30  Probe (Chrono Boost)  
  44  3:32  Probe (Chrono Boost)  
  46  3:40  Probe  
  47  3:44  Probe  
  47  3:47  Oracle, Assimilator  
  51  3:51  Stalker  
  51  3:53  Probe  
  54  3:56  Nexus  
  54  3:58  Pylon  
  54  4:07  Assimilator  
  54  4:12  Pylon  
  54  4:16  Probe x2  
  56  4:24  Oracle  
  56  4:28  Probe x2  
  61  4:36  Stalker  
  63  4:40  Probe (Chrono Boost), Twilight Council  
  63  4:41  Forge  
  63  4:45  Probe (Chrono Boost), Pylon  
  65  4:51  Probe (Chrono Boost)  
  67  4:54  Probe (Chrono Boost)  
  67  4:55  Probe (Chrono Boost)  
  68  5:00  Robotics Facility  
  68  5:02  Shield Battery  
  68  5:06  Probe x2 (Chrono Boost)  
  70  5:07  Charge  
  70  5:09  Probe (Chrono Boost)  
  70  5:11  Protoss Ground Weapons Level 1 (Chrono Boost)  
  71  5:18  Probe (Chrono Boost)  
  71  5:20  Probe (Chrono Boost)  
  74  5:21  Probe (Chrono Boost)  
  74  5:23  Probe (Chrono Boost)  
  74  5:25  Probe (Chrono Boost)  
  74  5:27  Assimilator  
  76  5:28  Probe  
  76  5:33  Probe  
  78  5:35  Probe  
  78  5:40  Probe  
  80  5:45  Probe, Gateway x2  
  80  5:48  Probe  
  82  5:53  Probe, Immortal  
  82  5:55  Assimilator  
  87  5:57  Probe  
  87  6:00  Probe  
  89  6:05  Probe  
  89  6:06  Pylon  
  89  6:09  Probe  
  91  6:12  Probe, Gateway  
  91  6:13  Templar Archives  
  91  6:14  Nexus, Zealot  
  91  6:17  Probe  
  92  6:21  Probe  
  92  6:25  Probe  
  89  6:26  Pylon  
  89  6:29  Probe  
  89  6:32  Immortal  
  93  6:33  Probe, Shield Battery  
  93  6:37  Probe  
  94  6:41  Probe  
  94  6:44  Psionic Storm  
  94  6:45  Probe, Photon Cannon  
  96  6:49  Probe  
  96  6:53  Probe  
  98  6:56  High Templar x3  
  98  6:59  Probe  
  105  7:03  Gateway  
  105  7:07  Photon Cannon, Gateway, Protoss Ground Weapons Level 2 (Chrono Boost)  
  105  7:08  Probe  
  106  7:13  Pylon  
  106  7:15  Probe  
  107  7:16  Pylon  
  107  7:18  Probe  
  107  7:20  Probe  
  109  7:24  Immortal (Chrono Boost)  
  109  7:27  Probe x2  
  115  7:30  Probe  
  115  7:32  Probe  
  117  7:39  Robotics Facility  
  117  7:42  Stalker  
  119  7:52  Zealot x3  
  119  7:55  Immortal  
  129  7:58  Photon Cannon  
  129  8:01  Zealot  
  131  8:07  Gateway  
  131  8:08  Gateway x2  
  125  8:13  Zealot x4  
  125  8:17  Photon Cannon, Shield Battery  
  133  8:21  Zealot x2  
  137  8:32  Probe  
  139  8:34  Probe  
  139  8:37  Pylon  
  139  8:39  Pylon  
  139  8:42  Pylon x2  
  139  8:49  Assimilator  
  139  8:51  Assimilator  
  139  8:53  Pylon  
  147  8:55  Immortal  
  147  8:58  Zealot x3  
  147  8:59  High Templar  
  155  9:05  Gateway  
  155  9:08  Gateway  
  155  9:11  Gateway  
  155  9:15  Probe x2, Pylon  
  155  9:16  Probe, Immortal  
  141  9:20  Probe  
  142  9:27  Probe x2  
  142  9:30  Pylon, High Templar x4  
  142  9:31  High Templar x5  
  158  9:35  Archon x2  
  158  9:36  Archon x2  
  162  9:40  Observer  
  161  9:52  Probe  
  148  9:55  Warp Prism  
  148  9:59  Probe x3  
  134  10:02  Observer  
  134  10:04  Probe  
  113  10:11  Probe  
  113  10:12  Zealot x10  
  127  10:14  Probe  
  127  10:21  Probe  
  128  10:23  Probe, Immortal (Chrono Boost)  
  123  10:33  Probe  
  114  10:39  Nexus  
  114  10:41  Shield Battery, Immortal (Chrono Boost)  
  114  10:43  Photon Cannon  
  114  10:45  Probe  
  114  10:46  Pylon  
  114  10:48  Pylon  
  114  10:49  Probe  
  120  10:52  Zealot  
  120  10:53  Zealot x7  
  91  11:12  Probe, Immortal  
  91  11:15  Archon  
  91  11:16  Probe x2  
  91  11:17  Immortal  
  99  11:24  Probe, High Templar x2  
  99  11:25  High Templar x7  
  112  11:30  Archon x2  
  112  11:31  Archon x2  
  112  11:32  Probe  
  113  11:33  Zealot  
  93  11:47  Probe x2  
  84  11:55  Stalker  
  84  11:57  Zealot x2  
Tags
 
Add a new tag
Caveats
  • Supply blocks, unpowered buildings, or Contaminate may cause inaccurate times.
  • Supply counts are checked every 10 seconds.